[Event "Titled Tuesday Blitz January 03 Early 2023"]
[White "Moreno Perez, Tobias Sebastian"]
[Black "Pakleza, Zbigniew"]
[WhiteFideId "186716"]
[BlackFideId "1119290"]
[WhiteElo "2256"]
[BlackElo "2494"]
[Result "0-1"]
[Round "02"]
[TimeControl "180+2"]
[Date "2023.01.03"]
[WhiteClock "0:00:01"]
[BlackClock "0:00:25"]

1. Nf3 d5 2. d4 Bf5 3. c4 e6 4. Nc3 c6 5. Qb3 Qb6 6. c5 Qc7 7. g3 Nd7 8. Bf4 Qc8 9. Qd1 h6 10. Bg2 Ngf6 11. O-O Be7 12. b4 a6 13. a4 Ne4 14. Qb3 O-O 15. Nd2 Nxd2 16. Bxd2 Bf6 17. e3 e5 18. dxe5 Nxe5 19. Rac1 a5 20. b5 Nd3 21. Rcd1 Nxc5 22. Qa2 Bd3 23. Rfe1 Bc4 24. Qb1 Bxc3 25. Bxc3 Nxa4 26. Bxg7 Kxg7 27. Qa1+ Kg8 28. Qxa4 Bxb5 29. Qh4 Qe6 30. Rd4 f5 31. Rb1 Qf6 32. Qh3 Ba6 33. Rb6 Qg7 34. Rh4 Qa1+ 35. Bf1 Qxf1+ 36. Qxf1 Bxf1 37. Kxf1 Rf7 38. Rxh6 a4 39. Rh4 a3 40. Rb1 b5 41. Rhb4 Rfa7 42. Ra1 Ra4 43. Rb3 b4 44. Rd3 c5 45. Rxd5 b3 46. Rxf5 b2 47. Rd1 a2 48. Rg5+ Kf7 49. Kg2 b1=Q 50. Rdd5 Qe4+ 51. f3 Qxd5 0-1


[Site "https://www.chess.com"]

[Event "Titled Tuesday Blitz January 03 Early 2023"]
[White "Preotu, Razvan"]
[Black "Gnechko, Ruslan"]
[WhiteFideId "2613280"]
[BlackFideId "14135868"]
[WhiteElo "2475"]
[BlackElo "2132"]
[Result "1-0"]
[Round "02"]
[TimeControl "180+2"]
[Date "2023.01.03"]
[WhiteClock "0:00:58"]
[BlackClock "0:01:15"]

1. e4 b6 2. d4 Bb7 3. Bd3 e6 4. Nf3 c5 5. d5 exd5 6. exd5 Bxd5 7. O-O Be6 8. c4 Nc6 9. Nc3 Nf6 10. Bf4 Be7 11. Re1 O-O 12. Nd5 Nxd5 13. cxd5 Bxd5 14. Bxh7+ Kxh7 15. Qxd5 Bf6 16. Bd6 Re8 17. Qxf7 Bxb2 18. Qh5+ Kg8 19. Ng5 g6 20. Qh7# 1-0


[Site "https://www.chess.com"]

[Event "Titled Tuesday Blitz January 03 Early 2023"]
[White "Guliev, Logman"]
[Black "Begmuratov, Khumoyun"]
[WhiteFideId "13400061"]
[BlackFideId "14210207"]
[WhiteElo "2250"]
[BlackElo "2387"]
[Result "0-1"]
[Round "02"]
[TimeControl "180+2"]
[Date "2023.01.03"]
[WhiteClock "0:00:03"]
[BlackClock "0:00:05"]

1. e4 e5 2. Nf3 Nc6 3. Bb5 Nf6 4. d3 d6 5. O-O Bd7 6. Nc3 g6 7. d4 Bg7 8. h3 O-O 9. Be3 exd4 10. Nxd4 Nxd4 11. Bxd4 Bxb5 12. Nxb5 Nxe4 13. Bxg7 Kxg7 14. Qd4+ Nf6 15. Rad1 a6 16. Nc3 Kg8 17. Rfe1 b5 18. Re3 Re8 19. Rxe8+ Nxe8 20. Re1 c6 21. Ne4 f5 22. Ng3 Qd7 23. h4 h5 24. Ne2 Qg7 25. Qe3 Nc7 26. Nf4 Re8 27. Qb3+ Kf8 28. Rxe8+ Kxe8 29. Qa3 Kd7 30. Qe3 Qf6 31. c3 c5 32. Qf3 Qxh4 33. Nxg6 Qg4 34. Nf4 Qxf3 35. gxf3 h4 36. Ng6 Ke6 37. Nxh4 f4 38. Kg2 Nd5 39. Kh3 Nf6 40. Ng6 Kf5 41. Ne7+ Kg5 42. Nc8 d5 43. Ne7 d4 44. cxd4 cxd4 45. Kg2 Nd7 46. Kf1 Ne5 47. Ke2 Kf6 48. Nd5+ Kf5 49. Nc7 Nc4 50. b3 Nb6 51. Nxa6 Ke5 52. Nc7 b4 53. Na6 Nd5 54. Nc5 Nc3+ 55. Kd3 Kd5 56. Nd7 Nxa2 57. Nf6+ Ke5 58. Ng4+ Kd5 59. Nf6+ Ke5 60. Ng4+ Kf5 61. Kxd4 Nc3 62. Kc4 Na2 63. Nh2 Kg5 64. Nf1 Kh4 0-1


[Site "https://www.chess.com"]

[Event "Titled Tuesday Blitz January 03 Early 2023"]
[White "Tanenbaum, Zachary"]
[Black "Golubovskis, Maksims"]
[WhiteFideId "2060850"]
[BlackFideId "11608528"]
[WhiteElo "2261"]
[BlackElo "2176"]
[Result "1-0"]
[Round "02"]
[TimeControl "180+2"]
[Date "2023.01.03"]
[WhiteClock "0:00:15"]
[BlackClock "0:00:05"]

1. e4 c5 2. Nf3 Nf6 3. e5 Nd5 4. Nc3 Nxc3 5. dxc3 Nc6 6. Bf4 Qb6 7. b3 Qc7 8. Qd2 e6 9. Bd3 b6 10. O-O Bb7 11. Rfe1 O-O-O 12. Bg5 Be7 13. Bxe7 Nxe7 14. Ng5 Rhf8 15. Nxh7 Rh8 16. Ng5 Rhf8 17. Be4 d5 18. exd6 Rxd6 19. Bxb7+ Kxb7 20. Qe2 Nc6 21. Rad1 Rfd8 22. Ne4 R6d7 23. g3 e5 24. Ng5 Rd6 25. Qf3 f6 26. Ne4 R6d7 27. c4 Kb8 28. c3 Ne7 29. Kg2 a6 30. h4 Ka7 31. Kg1 f5 32. Ng5 e4 33. Qe2 Qc6 34. Nf7 Rxd1 35. Rxd1 Rxd1+ 36. Qxd1 f4 37. Qd8 Qf6 38. Nd6 Nc8 39. Qc7+ Ka8 40. Qb7# 1-0


[Site "https://www.chess.com"]

[Event "Titled Tuesday Blitz January 03 Early 2023"]
[White "Mazurkiewicz, Michal"]
[Black "Ardelean, George-Catalin"]
[WhiteFideId "1124943"]
[BlackFideId "1207091"]
[WhiteElo "2145"]
[BlackElo "2470"]
[Result "0-1"]
[Round "02"]
[TimeControl "180+2"]
[Date "2023.01.03"]
[WhiteClock "0:00:03"]
[BlackClock "0:01:38"]

1. e4 d5 2. exd5 Qxd5 3. d3 Nc6 4. Nc3 Qd6 5. g3 Nf6 6. Nf3 Bg4 7. h3 Bh5 8. Bg2 e6 9. O-O Be7 10. Bf4 Qd7 11. g4 Bg6 12. Ne5 Nxe5 13. Bxe5 c6 14. f4 h5 15. Qf3 hxg4 16. hxg4 O-O-O 17. d4 Rh4 18. g5 Ng4 19. Qg3 Rdh8 20. Bxg7 R8h7 21. Be5 Nxe5 22. dxe5 Bc5+ 23. Rf2 Qd4 24. Rf1 Rxf4 25. Ne2 Qxf2+ 26. Rxf2 Bxf2+ 27. Qxf2 Rxf2 28. Kxf2 Bxc2 29. Nf4 Rg7 30. Nh3 Bf5 31. Nf4 Rxg5 0-1


[Site "https://www.chess.com"]

[Event "Titled Tuesday Blitz January 03 Early 2023"]
[White "Gatterer, Florian"]
[Black "Starozhilov, Leonid"]
[WhiteFideId "811688"]
[BlackFideId "14106752"]
[WhiteElo "2170"]
[BlackElo "2313"]
[Result "0-1"]
[Round "02"]
[TimeControl "180+2"]
[Date "2023.01.03"]
[WhiteClock "0:00:02"]
[BlackClock "0:00:41"]

1. Nf3 Nf6 2. c4 g6 3. b3 Bg7 4. Bb2 O-O 5. g3 b6 6. Bg2 Bb7 7. O-O e6 8. d3 c5 9. d4 Ne4 10. Nfd2 d5 11. Nxe4 dxe4 12. Qc2 Bxd4 13. Rd1 Qf6 14. Bxd4 cxd4 15. Nd2 d3 16. exd3 exd3 17. Qxd3 Bxg2 18. Kxg2 Nc6 19. Qd6 Ne5 20. f4 Ng4 21. Ne4 Qb2+ 22. Qd2 Ne3+ 23. Kf3 Nxd1 24. Rxd1 Qxd2 25. Rxd2 Rfd8 26. Re2 Rd3+ 27. Kg2 Rad8 28. Kh3 Kg7 29. Kg4 f5+ 30. Kg5 h6+ 31. Kh4 fxe4 32. Rxe4 Kf6 33. g4 g5+ 0-1


[Site "https://www.chess.com"]

[Event "Titled Tuesday Blitz January 03 Early 2023"]
[White "Cardoso Cardoso, Jose Gabriel"]
[Black "Sanchez, Robert"]
[WhiteFideId "4430492"]
[BlackFideId "2034360"]
[WhiteElo "2492"]
[BlackElo "1966"]
[Result "1-0"]
[Round "02"]
[TimeControl "180+2"]
[Date "2023.01.03"]
[WhiteClock "0:01:07"]
[BlackClock "0:01:15"]

1. Nf3 d5 2. g3 Nf6 3. Bg2 Bf5 4. O-O e6 5. c4 c6 6. cxd5 exd5 7. d3 Be7 8. Nc3 O-O 9. Qc2 h6 10. e4 Bh7 11. Re1 Na6 12. a3 Nc5 13. b4 dxe4 14. dxe4 Qd3 15. Qxd3 Nxd3 16. Re3 Nxc1 17. Rxc1 Rad8 18. Bf1 Ng4 19. Ree1 a5 20. h3 Nf6 21. bxa5 Bxa3 22. Rb1 Rb8 23. Bc4 Rfe8 24. Rb3 Bc5 25. e5 Nd7 26. e6 Bg6 1-0


[Site "https://www.chess.com"]

[Event "Titled Tuesday Blitz January 03 Early 2023"]
[White "Ovezdurdyyeva, Jemal"]
[Black "Nouri, Alekhine"]
[WhiteFideId "14001888"]
[BlackFideId "5216184"]
[WhiteElo "2078"]
[BlackElo "2257"]
[Result "0-1"]
[Round "02"]
[TimeControl "180+2"]
[Date "2023.01.03"]
[WhiteClock "0:00:03"]
[BlackClock "0:00:38"]

1. e4 c5 2. Nf3 d6 3. d4 cxd4 4. Nxd4 Nf6 5. Nc3 a6 6. Bc4 b5 7. Bb3 e6 8. O-O Be7 9. Qe2 Qc7 10. Be3 O-O 11. f3 Nc6 12. Nxc6 Qxc6 13. Bd4 Bb7 14. e5 dxe5 15. Bxe5 Rad8 16. Rad1 h6 17. Kh1 Nd7 18. Bd4 Nc5 19. Qe5 Bf6 20. Qxc5 Bxd4 21. Qxc6 Bxc6 22. Rd3 b4 23. Ne2 Bb5 24. Rxd4 Rxd4 25. Nxd4 Bxf1 26. Kg1 Bb5 27. Kf2 Rd8 28. Ke3 g6 29. g3 Kf8 30. c3 bxc3 31. bxc3 Ke7 32. c4 Be8 33. Nc2 a5 34. c5 e5 35. Ne1 Bb5 36. Ke4 f6 37. g4 a4 38. Bd5 h5 39. h3 Rc8 40. Nd3 Bxd3+ 41. Kxd3 Rxc5 42. Be4 Kf7 43. Ke3 Rc3+ 44. Kd2 Rc5 45. Kd3 hxg4 46. hxg4 Kg7 47. Kd2 Kh6 48. Ke3 Kg5 49. Ke2 Rc3 0-1


[Site "https://www.chess.com"]

[Event "Titled Tuesday Blitz January 03 Early 2023"]
[White "Rakhmatullaev, Almas"]
[Black "Leschinsky, Gary"]
[WhiteFideId "14205793"]
[BlackFideId "30951321"]
[WhiteElo "2275"]
[BlackElo "1969"]
[Result "1-0"]
[Round "02"]
[TimeControl "180+2"]
[Date "2023.01.03"]
[WhiteClock "0:00:13"]
[BlackClock "0:00:02"]

1. e4 c5 2. c3 g6 3. d4 cxd4 4. cxd4 d5 5. e5 Bg7 6. h4 Nc6 7. h5 Qb6 8. h6 Bf8 9. Ne2 Bg4 10. f3 Bd7 11. Nbc3 e6 12. a3 Rc8 13. Rb1 Na5 14. g4 Nb3 15. Be3 Ne7 16. Nf4 Nc6 17. Kf2 Be7 18. Nfxd5 exd5 19. Nxd5 Qa5 20. Qxb3 Be6 21. Bc4 Bd8 22. Nc3 Bxc4 23. Qxc4 O-O 24. Qd5 Qa6 25. Qe4 Bb6 26. Rbd1 Rfe8 27. f4 Rcd8 28. d5 Bxe3+ 29. Qxe3 Na5 30. Rhe1 Nc4 31. Qe2 b5 32. Kg3 f6 33. e6 Qd6 34. Ne4 Qf8 35. g5 fxg5 36. fxg5 Qf5 37. Nf6+ Kh8 38. Nxe8 Qxg5+ 39. Qg4 Qxh6 40. Qd4+ 1-0


[Site "https://www.chess.com"]

[Event "Titled Tuesday Blitz January 03 Early 2023"]
[White "Silva Lucena, Cristian"]
[Black "Goryachkina, Aleksandra"]
[WhiteFideId "2232588"]
[BlackFideId "4147103"]
[WhiteElo "2285"]
[BlackElo "2571"]
[Result "0-1"]
[Round "02"]
[TimeControl "180+2"]
[Date "2023.01.03"]
[WhiteClock "0:00:02"]
[BlackClock "0:00:08"]

1. e4 c5 2. Nf3 e6 3. d4 cxd4 4. Nxd4 Nf6 5. Nc3 Nc6 6. Ndb5 Bc5 7. Bf4 O-O 8. Bc7 Qe7 9. Bd6 Bxd6 10. Qxd6 Qd8 11. O-O-O a6 12. Nd4 Ne7 13. h4 b5 14. f3 Bb7 15. h5 Ne8 16. Qg3 b4 17. Nce2 h6 18. Kb1 a5 19. Nc1 a4 20. Nb5 Bc6 21. Nd6 Qa5 22. Nxe8 Rfxe8 23. Rh4 Kh8 24. Rg4 Rg8 25. Qf4 b3 26. cxb3 axb3 27. a3 Qc5 28. Bd3 Ba4 29. Re1 Nc6 30. e5 Ne7 31. Qe4 Nf5 32. Rf4 Bc6 33. Qe2 Bd5 34. Bxf5 exf5 35. Rxf5 Be6 36. Rf4 Rgc8 37. Re4 Bf5 38. g4 Bxe4+ 39. Qxe4 Qc2+ 40. Qxc2 bxc2+ 41. Ka2 Rc6 42. Re2 Rac8 43. f4 f6 44. exf6 Rxf6 45. f5 Rc4 46. Kb3 Rxg4 47. Rxc2 Rxf5 48. Ka2 Rxh5 49. Rd2 Rf5 50. Rxd7 h5 0-1


[Site "https://www.chess.com"]

[Event "Titled Tuesday Blitz January 03 Early 2023"]
[White "Fernandez Guillen, Ernesto J."]
[Black "Zanette, Edgard Vinicius"]
[WhiteFideId "3512428"]
[BlackFideId "2109263"]
[WhiteElo "2477"]
[BlackElo "2085"]
[Result "1-0"]
[Round "02"]
[TimeControl "180+2"]
[Date "2023.01.03"]
[WhiteClock "0:00:11"]
[BlackClock "0:00:15"]

1. e4 c5 2. Nf3 d6 3. d4 cxd4 4. Nxd4 Nf6 5. Nc3 a6 6. Bc4 e6 7. Bb3 Nbd7 8. Bg5 Nc5 9. f4 Be7 10. Qe2 Qc7 11. O-O-O h6 12. Bxf6 Bxf6 13. Rhe1 O-O 14. g4 b5 15. g5 hxg5 16. e5 dxe5 17. fxe5 Be7 18. h4 Bb7 19. hxg5 Bxg5+ 20. Kb1 b4 21. Qh5 Bh6 22. Rg1 Kh8 23. Nd5 exd5 24. Rxg7 Qb6 25. e6 Kxg7 26. Nf5+ Kf6 27. Qxh6+ Kxf5 28. Rf1+ Ke5 29. Qf4+ Kxe6 30. Qf6+ Kd7 31. Qxb6 Rac8 32. Qxb4 Nxb3 33. Qxb7+ Rc7 34. Qxb3 Rfc8 35. Qxd5+ Ke7 36. Qe5+ Kf8 37. Qh8+ Ke7 38. Re1+ Kd6 39. Qd4+ Kc6 40. Qb4 Rd7 41. a4 Rb8 42. Qxb8 1-0


[Site "https://www.chess.com"]

[Event "Titled Tuesday Blitz January 03 Early 2023"]
[White "Aradhya, Garg"]
[Black "Rosenberg, Evan S"]
[WhiteFideId "25006746"]
[BlackFideId "2019299"]
[WhiteElo "2284"]
[BlackElo "1956"]
[Result "1-0"]
[Round "02"]
[TimeControl "180+2"]
[Date "2023.01.03"]
[WhiteClock "0:00:10"]
[BlackClock "0:00:01"]

1. d4 d5 2. c4 e6 3. Nc3 c5 4. e3 Nf6 5. Nf3 a6 6. cxd5 exd5 7. g3 c4 8. Bg2 Bb4 9. O-O O-O 10. Ne5 Nc6 11. Bd2 Ba5 12. b3 cxb3 13. axb3 Bc7 14. Nxc6 bxc6 15. Na4 Ne4 16. Rc1 Bd7 17. Nc5 Nxc5 18. Rxc5 Bb6 19. Rc2 h6 20. Qa1 Ra7 21. Rfc1 Qa8 22. Ra2 Rb8 23. b4 Bc7 24. Bf1 Bd6 25. Rxa6 Rxa6 26. Qxa6 Qxa6 27. Bxa6 Bxb4 28. Rb1 Bd6 29. Rxb8+ Bxb8 30. Bb4 f6 31. Kf1 Kf7 32. Ke2 g6 33. h4 h5 34. Kd3 Ke6 35. Kc3 Bd6 36. Bd3 f5 37. Bxd6 Kxd6 38. Kb4 Bc8 39. Be2 Kc7 40. Kc5 Bd7 41. Bd1 Bc8 42. Ba4 Bb7 43. f3 Ba8 44. Bc2 Bb7 45. e4 dxe4 46. fxe4 Bc8 47. exf5 Bxf5 48. Bxf5 gxf5 49. d5 cxd5 50. Kxd5 Kd7 51. Ke5 Ke7 52. Kxf5 1-0


[Site "https://www.chess.com"]

[Event "Titled Tuesday Blitz January 03 Early 2023"]
[White "Zaksaite, Salomeja"]
[Black "Kadric, Denis"]
[WhiteFideId "12801496"]
[BlackFideId "14403803"]
[WhiteElo "2283"]
[BlackElo "2601"]
[Result "0-1"]
[Round "02"]
[TimeControl "180+2"]
[Date "2023.01.03"]
[WhiteClock "0:00:02"]
[BlackClock "0:00:50"]

1. e4 d6 2. d4 Nf6 3. Nc3 Nbd7 4. g3 e5 5. Bg2 c6 6. Nge2 Be7 7. h3 h5 8. Be3 b5 9. d5 Bb7 10. dxc6 Bxc6 11. Nd5 Nxd5 12. exd5 Bb7 13. O-O Qc7 14. Nc3 a6 15. a4 b4 16. Ne4 Rc8 17. c3 bxc3 18. Nxc3 h4 19. g4 O-O 20. Be4 g6 21. Bh6 Rfe8 22. Qd3 Nc5 23. Qe2 Nxe4 24. Qxe4 Qc4 25. Rfe1 Qxe4 26. Rxe4 f5 27. Rb4 Rc7 28. gxf5 gxf5 29. Kh2 Kh7 30. Be3 f4 31. Bb6 Rd7 32. Rd1 Kg6 33. Ne4 Kf5 34. f3 Rg8 35. Bf2 Rg6 36. Rb6 Bd8 37. Rb4 Rdg7 38. Rg1 Rxg1 39. Bxg1 Bxd5 40. Nxd6+ Ke6 41. Ne4 Ba5 42. Rb8 Bxe4 43. fxe4 f3 44. Re8+ Kd6 45. Rf8 Rg2+ 46. Kh1 Rg3 47. Rf6+ Ke7 48. Rxa6 Rxh3+ 49. Bh2 f2 50. Kg2 Rxh2+ 0-1


[Site "https://www.chess.com"]

[Event "Titled Tuesday Blitz January 03 Early 2023"]
[White "Viskelis, Darius"]
[Black "Lavrik, Dmitry"]
[WhiteFideId "12800830"]
[BlackFideId "24113190"]
[WhiteElo "2166"]
[BlackElo "2414"]
[Result "0-1"]
[Round "02"]
[TimeControl "180+2"]
[Date "2023.01.03"]
[WhiteClock "0:01:19"]
[BlackClock "0:00:47"]

1. e4 c5 2. Nf3 g6 3. c3 d5 4. e5 Bg4 5. d4 cxd4 6. cxd4 Nc6 7. Nc3 Bxf3 8. Qxf3 e6 9. Be3 Nge7 10. Bd3 Qb6 11. O-O-O Nf5 12. Bxf5 gxf5 13. Kb1 Na5 14. Nxd5 exd5 15. Qxd5 Rd8 16. Qf3 Nc4 17. b3 Nxe3 18. fxe3 Ba3 19. Qxf5 Qg6 20. e4 Qxg2 0-1


[Site "https://www.chess.com"]

[Event "Titled Tuesday Blitz January 03 Early 2023"]
[White "Dragnev, Valentin"]
[Black "Tsotsonava, Elene"]
[WhiteFideId "1634852"]
[BlackFideId "13615939"]
[WhiteElo "2593"]
[BlackElo "2053"]
[Result "1-0"]
[Round "02"]
[TimeControl "180+2"]
[Date "2023.01.03"]
[WhiteClock "0:00:08"]
[BlackClock "0:00:07"]

1. c4 Nf6 2. Nc3 e5 3. g3 Bb4 4. Bg2 O-O 5. e4 Nc6 6. Nge2 d6 7. O-O a5 8. Nd5 Bc5 9. d3 Nd4 10. Nxd4 Bxd4 11. Bg5 c6 12. Nxf6+ gxf6 13. Bh6 Re8 14. Rb1 f5 15. Qh5 Qf6 16. Kh1 Qg6 17. Qh4 fxe4 18. Bxe4 f5 19. Bf3 Re6 20. Be3 Bxe3 21. fxe3 Rf6 22. Bh5 Qg7 23. g4 f4 24. g5 Rf5 25. exf4 exf4 26. g6 Bd7 27. Rbe1 Re8 28. gxh7+ Kh8 29. Bxe8 f3 30. Rg1 f2 31. Qxf2 Rxf2 32. Rxg7 Kxg7 33. Bxd7 Kxh7 34. Rb1 Kg6 35. Bc8 b6 36. Bb7 c5 37. Be4+ Kf6 38. Kg1 Rd2 39. Rf1+ Kg5 40. Rf2 Rd1+ 41. Kg2 Kg4 42. Bf5+ Kg5 43. h3 Rb1 44. Be4 Ra1 45. b3 a4 46. bxa4 Rb1 47. Kg3 Rb4 48. h4+ Kh6 49. Rf6+ 1-0


[Site "https://www.chess.com"]

[Event "Titled Tuesday Blitz January 03 Early 2023"]
[White "Ciuffoletti, Paolo"]
[Black "Vaibhav, Suri"]
[WhiteFideId "807630"]
[BlackFideId "5045185"]
[WhiteElo "2106"]
[BlackElo "2595"]
[Result "0-1"]
[Round "02"]
[TimeControl "180+2"]
[Date "2023.01.03"]
[WhiteClock "0:00:02"]
[BlackClock "0:00:20"]

1. e4 e6 2. d4 d5 3. e5 c5 4. c3 Qb6 5. Nf3 Nc6 6. a3 Bd7 7. b4 cxd4 8. cxd4 Nh6 9. Nc3 Nf5 10. Na4 Qc7 11. Bb2 Be7 12. Rc1 Qd8 13. Bd3 O-O 14. O-O a5 15. b5 Na7 16. Qb3 Nh4 17. Nxh4 Bxh4 18. Nc5 Rb8 19. a4 Nc8 20. f4 g6 21. Bc2 Nb6 22. Qh3 Be7 23. Rf3 Nc4 24. Bc3 Rc8 25. Qh6 f5 26. exf6 Bxf6 27. Rg3 Bg7 28. Qg5 Qxg5 29. Rxg5 Rxc5 30. dxc5 Bxc3 31. Bxg6 Bd4+ 32. Kh1 hxg6 33. Rxg6+ Kf7 34. Rg5 Bxc5 35. Rf1 Nd2 36. Re1 Ne4 37. Rh5 Nf2+ 38. Kg1 Nd3+ 0-1


[Site "https://www.chess.com"]

[Event "Titled Tuesday Blitz January 03 Early 2023"]
[White "Williams, Simon K"]
[Black "Coelho, Ramyres Santana"]
[WhiteFideId "404454"]
[BlackFideId "2120690"]
[WhiteElo "2465"]
[BlackElo "1981"]
[Result "0-1"]
[Round "02"]
[TimeControl "180+2"]
[Date "2023.01.03"]
[WhiteClock "0:00:10"]
[BlackClock "0:00:08"]

1. d4 Nf6 2. c4 g6 3. h4 d5 4. cxd5 Nxd5 5. e4 Nb6 6. h5 e5 7. hxg6 fxg6 8. Nf3 exd4 9. Qb3 Qe7 10. Nxd4 Qxe4+ 11. Be3 c5 12. Nc3 Qe7 13. Nf3 Be6 14. Qc2 Bg7 15. Bd3 O-O 16. O-O-O Nc6 17. Ng5 Nb4 18. Qb1 Bxc3 19. bxc3 Nxa2+ 20. Kd2 Rxf2+ 21. Bxf2 Qxg5+ 22. Kc2 Qxg2 23. Rd2 c4 24. Bxb6 cxd3+ 25. Kxd3 Bf5+ 26. Kc4 Bxb1 27. Rxg2 Be4 28. Rxa2 Bxh1 29. Bxa7 Bc6 30. Kc5 Kf7 31. Kb6 h5 32. Rf2+ Ke6 33. c4 h4 34. Re2+ Kf5 35. Rf2+ Kg4 36. Rf7 h3 37. Rh7 Kg3 38. Rg7 Be4 39. Re7 Kf4 40. Rh7 Kg3 41. Re7 Bf3 42. Rg7 h2 43. Rxg6+ Kf2 44. Rh6 h1=Q 45. Rxh1 Bxh1 46. c5 Bc6 0-1


[Site "https://www.chess.com"]

[Event "Titled Tuesday Blitz January 03 Early 2023"]
[White "Adury, Anant"]
[Black "Subelj, Jan"]
[WhiteFideId "30964687"]
[BlackFideId "14618583"]
[WhiteElo "2123"]
[BlackElo "2513"]
[Result "1/2-1/2"]
[Round "02"]
[TimeControl "180+2"]
[Date "2023.01.03"]
[WhiteClock "0:00:08"]
[BlackClock "0:01:35"]

1. Nf3 b6 2. c4 Bb7 3. Nc3 Nf6 4. g3 g6 5. Bg2 Bg7 6. O-O O-O 7. d4 Ne4 8. Nxe4 Bxe4 9. b3 c5 10. Bb2 Nc6 11. e3 cxd4 12. Nxd4 Bxg2 13. Kxg2 Qc8 14. Kg1 a6 15. Nxc6 Qxc6 16. Bxg7 Kxg7 17. Qd4+ Kg8 18. Rad1 d6 19. Qd5 Rac8 20. Qxc6 Rxc6 21. a4 Rb8 22. Rd5 e6 23. Rd3 Kf8 24. Rfd1 Ke7 25. e4 b5 26. cxb5 axb5 27. Ra1 bxa4 28. bxa4 Ra8 29. a5 Rca6 30. Rda3 f5 31. f3 Kf6 32. Kf2 fxe4 33. fxe4 Ke5 34. Ke3 R8a7 35. R1a2 g5 36. Ra1 g4 37. R1a2 h5 38. Ra1 Rf7 39. Ke2 Kxe4 40. Re3+ Kd5 41. Rd1+ Kc4 42. Rxe6 Rxa5 43. Rdxd6 Ra2+ 44. Rd2 Rxd2+ 45. Kxd2 Kd4 46. Ke2 Ra7 47. Rd6+ Ke5 48. Rd2 Ke4 49. Rb2 Ra4 50. Kf2 Kd3 51. Rb3+ Kc4 52. Rb2 Kc3 53. Re2 Kd4 54. Rd2+ Ke4 55. Rb2 Ra3 56. Rb4+ Kd3 57. Rb2 Rc3 58. Ra2 Rc5 59. Ra3+ Ke4 60. Ra4+ Kf5 61. Rf4+ Kg5 62. Re4 h4 63. gxh4+ Kxh4 64. Re2 Rc3 65. Kg2 Ra3 66. Rf2 Kg5 67. Re2 Kf4 68. Rf2+ Rf3 69. Rxf3+ gxf3+ 70. Kf2 Kg4 71. h4 Kxh4 72. Kxf3 1/2-1/2


[Site "https://www.chess.com"]

[Event "Titled Tuesday Blitz January 03 Early 2023"]
[White "Klukin, Kirill"]
[Black "Ilinca Ilinca, Felix Antonio"]
[WhiteFideId "24199273"]
[BlackFideId "54764998"]
[WhiteElo "2390"]
[BlackElo "2266"]
[Result "1/2-1/2"]
[Round "02"]
[TimeControl "180+2"]
[Date "2023.01.03"]
[WhiteClock "0:00:18"]
[BlackClock "0:00:18"]

1. c4 Nf6 2. Nc3 c5 3. g3 e6 4. Nf3 d5 5. cxd5 exd5 6. d4 cxd4 7. Nxd4 Nc6 8. Bg2 Be7 9. O-O O-O 10. Bg5 h6 11. Bf4 Be6 12. Rc1 Qd7 13. e4 dxe4 14. Nxc6 Qxc6 15. Nxe4 Qa6 16. Rc7 Rfd8 17. Qc1 Nd5 18. Rxe7 Nxe7 19. Nc5 Qxa2 20. Bxb7 Rac8 21. b4 Nd5 22. Bxc8 Rxc8 23. Qa1 Nxb4 24. Nxe6 Qxe6 25. Qxa7 Nd3 26. Qe3 Nxf4 27. Qxf4 Rc4 28. Qb8+ Rc8 29. Qb1 Re8 30. h4 Qg4 31. Qd3 Re6 32. Rc1 Re8 33. Qb5 Qe4 34. Qd7 Qe6 35. Qd2 Qe2 36. Qf4 Qe5 37. Qf3 Qe6 38. Kh2 Qe2 39. Qf4 Re6 40. Rc8+ Re8 41. Rc7 Re7 42. Rc8+ Re8 43. Rc3 Rf8 44. Re3 Qa6 45. Kg2 Qa8+ 46. Kh2 Qa7 47. Qd6 Qa2 48. Rf3 Qa8 49. Qf4 Qb8 50. Qg4 Qc8 51. Qf4 Qc6 52. g4 Qg6 53. Kg3 f5 54. g5 hxg5 55. Qxg5 Qxg5+ 56. hxg5 g6 57. Kf4 Re8 58. Re3 Ra8 59. Re6 Ra4+ 60. Kf3 Kf7 61. Rf6+ Kg7 62. Rb6 Rg4 63. Rb7+ Kf8 64. Rb8+ Kf7 65. Rb7+ Kf8 66. Rb8+ Kf7 67. Rb7+ Kf8 1/2-1/2


[Site "https://www.chess.com"]

[Event "Titled Tuesday Blitz January 03 Early 2023"]
[White "Corredor Castellanos, Camilo"]
[Black "Bashirli, Nail"]
[WhiteFideId "4425871"]
[BlackFideId "13406809"]
[WhiteElo "1957"]
[BlackElo "2326"]
[Result "0-1"]
[Round "02"]
[TimeControl "180+2"]
[Date "2023.01.03"]
[WhiteClock "0:00:08"]
[BlackClock "0:00:19"]

1. e4 Nf6 2. e5 Nd5 3. d4 d6 4. exd6 cxd6 5. c4 Nb6 6. Nc3 g6 7. h4 h5 8. a4 Bg7 9. a5 N6d7 10. Nf3 O-O 11. Be2 Nc6 12. O-O Nxa5 13. Bg5 Nc6 14. Qd2 Nf6 15. Rfe1 Bg4 16. Bd1 a6 17. Ra3 Rc8 18. Nd5 e6 19. Nxf6+ Bxf6 20. Bh6 Re8 21. Rb3 Na5 22. Rc3 Nxc4 23. Qc1 d5 24. Ne5 Bxd1 25. Nxc4 Rxc4 26. Rxc4 dxc4 27. Rxd1 Qd5 28. Qf4 Bh8 29. Bg5 b5 30. Qc7 e5 31. Re1 b4 32. dxe5 Bxe5 33. Rxe5 Qxe5 34. Qxc4 Qxb2 35. Qc6 Qa1+ 36. Kh2 Qe5+ 37. f4 Qe6 38. Qc5 b3 39. Qd4 Kh7 40. Bf6 Qe3 41. Qd7 Qxf4+ 42. g3 Re2+ 43. Kh3 Qf1# 0-1


[Site "https://www.chess.com"]

[Event "Titled Tuesday Blitz January 03 Early 2023"]
[White "Torres Dominguez, David"]
[Black "Sipila, Vilka"]
[WhiteFideId "2220857"]
[BlackFideId "505455"]
[WhiteElo "1994"]
[BlackElo "2427"]
[Result "1-0"]
[Round "02"]
[TimeControl "180+2"]
[Date "2023.01.03"]
[WhiteClock "0:00:34"]
[BlackClock "0:00:43"]

1. e4 e6 2. d4 d5 3. exd5 exd5 4. Bd3 Nf6 5. h3 c5 6. c3 c4 7. Bc2 Bd6 8. Ne2 O-O 9. Bf4 Bxf4 10. Nxf4 Re8+ 11. Ne2 Qe7 12. Nd2 Nc6 13. Nf1 Ne4 14. Bxe4 Qxe4 15. Ne3 f5 16. Qb1 Bd7 17. Qxe4 Rxe4 18. g3 Rae8 19. h4 g6 20. Kd2 Ne7 21. Nf4 Nc8 22. Nfxd5 Kf7 23. Rae1 Bc6 24. Rhg1 Nd6 25. f3 Rxe3 26. Nxe3 Bxf3 27. g4 f4 28. Rgf1 Ne4+ 29. Kc1 1-0


[Site "https://www.chess.com"]

[Event "Titled Tuesday Blitz January 03 Early 2023"]
[White "Arabidze, Meri"]
[Black "Blokhin, Sofia"]
[WhiteFideId "13604040"]
[BlackFideId "4508190"]
[WhiteElo "2441"]
[BlackElo "2062"]
[Result "1-0"]
[Round "02"]
[TimeControl "180+2"]
[Date "2023.01.03"]
[WhiteClock "0:00:35"]
[BlackClock "0:00:04"]

1. Nf3 e6 2. b3 f5 3. Bb2 Nf6 4. g3 Be7 5. Bg2 O-O 6. O-O d6 7. d4 Nc6 8. c4 Qe8 9. Nc3 Qh5 10. d5 Ne5 11. Nxe5 dxe5 12. Nb5 Bd8 13. d6 c6 14. Nc3 Bd7 15. e3 Qh6 16. h3 Nh5 17. Na4 b6 18. Bxe5 Bf6 19. Bxf6 Rxf6 20. c5 Rb8 21. b4 b5 22. Nc3 Nxg3 23. fxg3 Qxe3+ 24. Kh2 Qxc3 25. a3 Rg6 26. Qf3 Qxf3 27. Bxf3 e5 28. g4 e4 29. gxf5 Bxf5 30. Bg2 Rf6 31. Rae1 a5 32. Bxe4 Bxe4 33. Rxf6 gxf6 34. Rxe4 axb4 35. axb4 Kf7 36. Re7+ Kf8 37. Rc7 f5 38. Rxc6 Re8 39. Rc7 Re4 40. d7 Ke7 41. c6 Rxb4 42. Rc8 Rd4 43. Re8+ Kf7 44. d8=Q 1-0


[Site "https://www.chess.com"]